 Dungeon Crawl Stone Soup version 0.25.0-9-g26727b657a (webtiles) character file.

Game seed: 6554385516862459665

217 MajorAdolf the Skirmisher (level 5, -19/52 HPs)
             Began as a Naga Wanderer on June 21, 2020.
             Demolished by an ogre
             ... wielding a +0 giant spiked club
              (31 damage)
             ... on level 4 of the Dungeon.
             The game lasted 00:03:46 (3014 turns).

MajorAdolf the Skirmisher (Naga Wanderer)           Turns: 3014, Time: 00:03:46

Health: -19/52     AC:  5    Str: 15    XL:     5   Next: 94%
Magic:  8/8        EV:  7    Int: 14    God:
Gold:   146        SH:  0    Dex:  9    Spells: 8/8 levels left

rFire    . . .     SeeInvis +   a - +2 hand crossbow
rCold    . . .     Gourm    .   (no shield)
rNeg     . . .     Faith    .   h - +0 scale mail
rPois    +         Spirit   .   (no helmet)
rElec    .         Reflect  .   (no cloak)
rCorr    .         Harm     .   (no gloves)
MR       .....                  (no barding)
Stlth    +.........             (no amulet)
HPRegen  0.17/turn              (no ring)
MPRegen  0.11/turn              (no ring)

@: short of breath, very slow
A: large, see invisible, deformed body, poison resistance, slowness 2, slow
metabolism 1, spit poison 1, AC +1
a: Spit Poison


You were on level 4 of the Dungeon.
You were not hungry.

You visited 1 branch of the dungeon, and saw 4 of its levels.

You collected 146 gold pieces.

Inventory:

Hand Weapons
 a - a +2 hand crossbow (weapon)
 e - a +0 dagger
Missiles
 b - 4 bolts (quivered)
Armour
 d - a +0 ring mail
 h - a +0 scale mail (worn)
Magical Staves
 p - an uncursed staff of conjuration
Wands
 r - a wand of flame (13)
Scrolls
 i - 3 scrolls of fear
 m - 2 scrolls of remove curse
 o - a scroll of amnesia
Potions
 j - a potion of might
 k - 4 potions of curing
 n - a potion of haste {unknown}
 q - a potion of brilliance {unknown}
 t - a potion of heal wounds {unknown}
Comestibles
 f - 7 rations


   Skills:
 + Level 5.5 Fighting
 - Level 2.6 Crossbows
 - Level 1.5 Armour
 - Level 3.0 Stealth
 - Level 2.0 Spellcasting
   Level 1.0 Transmutations


You had 8 spell levels left.
You didn't know any spells.
Your spell library contained the following spells:

 Spells                   Type           Power        Failure   Level  Hunger
 Pain                     Necr           #...         67%         1    ##.....
 Vampiric Draining        Necr           #.........   95%         3    ####...


Dungeon Overview and Level Annotations

Branches:
Dungeon (4/15)
 Temple: D:4-7

Altars:
Dithmenos
Yredelemnul

Shops:
D:4 *


Innate Abilities, Weirdness & Mutations

You cannot wear boots.
Your serpentine skin is tough. (AC +1)
You have supernaturally acute eyesight. (SInv)
Armour fits poorly on your strangely shaped body.
Your system is resistant to poisons. (rPois)
You cover ground very slowly.
You have a slow metabolism.
You can spit poison.


Message History

The ogre is heavily wounded.
The ogre hits you with a +0 giant spiked club!!
Ouch! That really hurt!
* * * LOW HITPOINT WARNING * * *
You are too injured to fight recklessly!
Unknown command.
Press: ? - help, Shift-Dir - straight line, f/p - ogre
Aim: an ogre, wielding a +0 giant spiked club (heavily wounded)
The splash of poison hits the ogre.
The ogre is poisoned.
The ogre is heavily wounded.
You feel slightly more hungry.
Unknown command.
Firing (i - inventory)
b - 5 bolts (quivered)
Press: ? - help, Shift-Dir - straight line, f/p - ogre
Aim: an ogre, wielding a +0 giant spiked club (heavily wounded, poisoned)
You shoot a bolt. The bolt hits the ogre.
The ogre is heavily wounded.
The ogre hits you with a +0 giant spiked club!!
Ouch! That really hurt!
You die...

#........#.# ....
#.≈...#..#.# .....
#.......##.# %....
#...∩...##.# .^....
#.......##.# ......
#.≈...§..#.###......
#..........<........
#######....[.......#
#.....@..##$##
#.....O.(#
#......((#
########(>. .##. ((
# #.# ..


You could see an ogre (poisoned).

Vanquished Creatures
  An ogre (D:4)
  An iguana (D:4)
  2 adders (D:2)
  3 oozes
  2 worms
  3 dart slugs (D:1)
  A leopard gecko (D:4)
  6 orcs
  4 bats
  5 goblins
  6 hobgoblins
  8 jackals
  A quokka (D:2)
  9 frilled lizards
  3 kobolds
  2 rats
  A spectral orc (D:3)
58 creatures vanquished.

Notes
Turn   | Place    | Note
-------+----------+-------------------------------------------
     0 | D:1      | MajorAdolf the Naga Wanderer began the quest for the Orb.
     0 | D:1      | MajorAdolf set off with the following items: a +2 hand
                  | crossbow, 25 bolts, a +0 ring mail, a +0 dagger, a ration;
                  | and the following spell memorised: Pain; and the following
                  | spells available to memorise: Vampiric Draining
     0 | D:1      | Reached XP level 1. HP: 15/15 MP: 3/3
    52 | D:1      | Reached skill level 1 in Fighting
   159 | D:1      | Reached XP level 2. HP: 16/25 MP: 5/5
   266 | D:1      | Found a shadowy altar of Dithmenos.
   272 | D:1      | Reached skill level 2 in Fighting
   470 | D:1      | Reached XP level 3. HP: 33/33 MP: 6/6
   742 | D:1      | Reached skill level 3 in Fighting
   962 | D:2      | Found a faded altar of an unknown god.
  1344 | D:2      | Reached XP level 4. HP: 37/43 MP: 7/7
  2569 | D:3      | Reached skill level 4 in Fighting
  2817 | D:3      | Found a basalt altar of Yredelemnul.
  2960 | D:4      | Found Duan's Elemental Accessories.
  2963 | D:4      | Reached XP level 5. HP: 38/51 MP: 8/8
  2989 | D:4      | Noticed an ogre
  2993 | D:4      | Killed an ogre
  2993 | D:4      | Reached skill level 5 in Fighting
  3009 | D:4      | Noticed an ogre
  3014 | D:4      | Demolished by an ogre

Illustrated notes

Levels and vault maps discovered:
D:1:      evilmike_arrival_crescent, layout_basic, minmay_hexomino_r4
D:2:      layout_basic, chequers_ecumenical_altar_simple
D:3:      layout_loops_ring, yredelemnul_forgotten_temple_becter
D:4:      layout_rooms, minitemple, temple_green, first_ration,
          gup_sewer_entry_spiral, kennysheep_pointless_box,
          nicolae_elemental_shop, minmay_cut_off

Skill      XL: |  1  2  3  4  5 |
---------------+----------------+-----
Fighting       | 1 2 3 4 5 |  5.5
Crossbows      | |  2.6
Armour         | |  1.5
Stealth        | |  3.0
Spellcasting   | |  2.0
Transmutations | |  1.0

Action                   |  1- 3 |  4- 6 || total
-------------------------+-------+-------++-------
 Fire: Hand crossbow     |    66 |    68 ||   134
 Abil: Spit Poison       |     1 |     2 ||     3
  Use: Scroll            |       |     8 ||     8
  Eat: Chunk             |     1 |     4 ||     5
Armor: Scale mail        |    17 |     9 ||    26
       Ring mail         |     1 |       ||     1
Dodge: Dodged            |    12 |    12 ||    24
